 Dungeon Crawl Stone Soup version 5.4-155-g4a05093 (webtiles) character file.

8340 qzeqze the Bludgeoner (level 12, -46/122 HPs)
             Began as a Titan Hunter on Apr 7, 2018.
             Annihilated by a titanic slime creature (89 damage)
             ... on level 13 of the Dungeon.
             The game lasted 02:06:12 (13302 turns).

qzeqze the Bludgeoner (Titan Hunter)               Turns: 13302, Time: 02:06:16

Health: -46/122    AC:  5 (0%)Str: 21   XL:     12   Next: 70%
Magic:  0/23       EV: 20    Int: 15    God:
Gold:   823        SH:  0    Dex: 18    Spells: 18/18 levels left

rFire    + . .     SeeInvis .   b - +0 quarterstaff
rCold    + . .     Faith    .   (shield currently unavailable)
rNeg     . . .     Spirit   +   q - +2 robe {rC+ rF+}
rPois    +         Reflect  .   D - +0 hat
rElec    +                      y - +0 cloak
rCorr    .                      (gloves unavailable)
MR       +....                  (boots unavailable)
Stlth    ++........             i - amulet of guardian spirit
Regen    0.3/turn               d - +6 ring of evasion
MPRegen  0.3/turn               o - ring of poison resistance

@: no status effects
A: unfitting armour, high mp 1, electricity resistance
a: no special abilities


You were on level 13 of the Dungeon.
You were not hungry.

You visited 2 branches of the dungeon, and saw 14 of its levels.
You visited the bazaar 1 time.
You also visited: Ossuary and Ice Cave.

You collected 1228 gold pieces.
You spent 405 gold pieces at shops.

Inventory:

Hand Weapons
 a - a +0 whip of freezing
 b - a +0 quarterstaff (weapon)
 w - a +0 giant club
 x - a +3 flail
Missiles
 c - 95 large rocks (quivered)
 h - 37 tomahawks
 u - 90 poisoned darts
Armour
 q - a +2 robe of resistance (worn)
 y - a +0 cloak (worn)
 A - a +0 troll leather armour
 D - a +0 hat (worn)
 P - +0 acid dragon scales
Jewellery
 d - a +6 ring of evasion (left hand)
 i - an amulet of guardian spirit (around neck)
 o - a ring of poison resistance (right hand)
 K - an uncursed ring of fire
 L - an uncursed ring of protection from magic
 M - an uncursed ring of protection from magic
 N - a +3 ring of evasion
Wands
 n - a wand of iceblast (5)
 E - a wand of acid (2)
 J - a wand of digging (6)
Scrolls
 e - 4 scrolls of magic mapping
 f - 5 scrolls of fog
 j - 10 scrolls of amnesia
 k - a scroll of blinking
 l - 7 scrolls of enchant armour
 m - 3 scrolls of fear
 r - 14 scrolls of teleportation
 B - a scroll of summoning
 F - a scroll of enchant weapon
Potions
 g - 2 potions of lignification
 p - 4 potions of mutation
 s - 6 potions of flight
 t - a potion of magic
 v - 2 potions of resistance
 z - 2 potions of augmentation
 C - a potion of invisibility
 G - a potion of haste
 I - a potion of ambrosia
Miscellaneous
 H - a disc of storms
 O - a disc of storms


   Skills:
 + Level 8.4 Fighting
 + Level 16.7 Maces & Staves
 + Level 12.9 Throwing
 + Level 6.6 Dodging
 - Level 0.7 Stealth


You had 18 spell levels left.
You didn't know any spells.

Dungeon Overview and Level Annotations

Branches:
Dungeon (13/15)            Bazaar (1/1)

Shops:
Bazaar *(*=(


Innate Abilities, Weirdness & Mutations

You are too large for most types of armour.
You have an increased reservoir of magic. (+10% MP)
You are resistant to electric shocks. (rElec)


Message History

The titanic slime creature is moderately wounded.
The titanic slime creature closely misses you.
Throwing (i - inventory. (,) - cycle):
c - 97 large rocks (quivered)
Press: ? - help, Shift-Dir - straight line, f/p - titanic slime creature
Aim: a titanic slime creature (moderately wounded)
You throw a large rock.
The large rock hits the titanic slime creature (9)!
The titanic slime creature is heavily wounded.
The titanic slime creature barely misses you.
Throwing (i - inventory. (,) - cycle):
c - 96 large rocks (quivered)
Press: ? - help, Shift-Dir - straight line, f/p - titanic slime creature
Aim: a titanic slime creature (heavily wounded)
You throw a large rock.
The large rock hits the titanic slime creature (12)!
The titanic slime creature is heavily wounded.
The titanic slime creature hits you (94)!!!!
Ouch! That really hurt!
The titanic slime creature hits you (97)!!!!
Ouch! That really hurt!
You die...

######### #...J...# #####J#
#.# # ..##@# #.# #. #.##.#
#.# #.##.##.# #.# #
#.......# #.# ##. ####.####
#.#### ##.. ##. #.#
##.##.######...
##...##.#####.........#....
.......>..)...........'....
##...#...#.#####......#....


You could see a titanic slime creature.

Vanquished Creatures
  Azrael (D:12)
  Josephine (D:10)
  2 ice dragons (IceCv)
  3 two-headed ogres
  5 death yaks (D:11)
  Pikel (D:4)
  A deep elf mage (D:11)
  A manticore (D:12)
  2 ice statues (IceCv)
  A gargoyle (D:12)
  3 rime drakes
  An efreet (D:13)
  A troll (D:11)
  4 slime creatures (D:12)
  5 blink frogs (D:12)
  2 wyverns
  A shadow (D:12)
  3 wraiths (D:10)
  A vampire (D:13)
  5 fire elementals (D:12)
  4 angry ghosts
  5 yaks (D:8)
  An acid dragon (D:12)
  A spiny frog zombie (D:7)
  2 hell hounds (D:12)
  Duvessa (D:4)
  3 orc warriors
  16 ice beasts
  A slave (D:4)
  2 black bears
  2 wasps
  5 ogres
  2 blink frog skeletons
  5 centaurs
  A rime drake skeleton (D:9)
  2 bullfrogs (D:9)
  2 water moccasin zombies
  Dowan (D:4)
  A gnoll sergeant (D:6)
  A wyvern zombie (D:10)
  3 wyvern skeletons
  2 scorpions
  3 crimson imps
  4 killer bees (D:12)
  4 wights (D:6)
  2 howler monkeys
  2 centaur zombies
  3 quasits
  A bullfrog zombie (D:5)
  5 hounds
  2 jellies
  10 orc wizards
  7 orc priests
  2 gnoll shamans
  2 centaur skeletons
  A worker ant (D:3)
  4 iguanas
  8 mummies (Ossuary)
  A howler monkey zombie (D:5)
  12 gnolls
  5 adders
  2 shadow imps
  An ooze (D:1)
  3 dart slugs
  33 orcs
  3 quokkas (D:1)
  3 giant cockroaches
  A gnoll zombie (Ossuary)
  7 goblins
  3 hobgoblins
  2 jackals (D:1)
  9 bats
  6 hobgoblin zombies (Ossuary)
  13 kobolds
  An orc zombie (Ossuary)
  7 rats
279 creatures vanquished.

Vanquished Creatures (others)
  A slave (D:4)
  Blork the orc (D:4)
  A scorpion (D:5)
  An orc priest (D:4)
  An orc wizard (D:4)
  2 worker ants
  9 orcs (D:4)
  A quokka (D:5)
17 creatures vanquished.

Grand Total: 296 creatures vanquished

Notes
Turn   | Place    | Note
-------+----------+-------------------------------------------
     0 | D:1      | qzeqze the Titan Hunter began the quest for the Orb.
     0 | D:1      | Reached XP level 1. HP: 22/22 MP: 4/4
   201 | D:1      | Reached XP level 2. HP: 31/31 MP: 6/6
   736 | D:1      | Reached XP level 3. HP: 29/39 MP: 8/8
   928 | D:2      | Reached skill level 1 in Maces & Staves
  1347 | D:2      | Reached skill level 2 in Maces & Staves
  1377 | D:2      | Reached XP level 4. HP: 46/48 MP: 9/9
  1724 | D:3      | Reached skill level 3 in Maces & Staves
  1738 | D:3      | Reached XP level 5. HP: 4/54 MP: 2/11
  2576 | D:3      | Reached skill level 4 in Maces & Staves
  2732 | D:4      | Reached skill level 5 in Throwing
  2732 | D:4      | Reached XP level 6. HP: 39/62 MP: 11/13
  2864 | D:4      | Noticed a slave
  2888 | D:4      | Killed a slave
  2931 | D:4      | Noticed Pikel
  2932 | D:4      | Noticed a slave
  2936 | D:4      | Noticed a slave
  2942 | D:4      | Noticed a slave
  2958 | D:4      | Killed Pikel
  2958 | D:4      | Reached skill level 5 in Maces & Staves
  2958 | D:4      | Reached XP level 7. HP: 20/70 MP: 5/15
  2963 | D:4      | Reached skill level 6 in Maces & Staves
  3226 | D:4      | Found a viscous altar of Jiyva.
  3239 | D:4      | Noticed Duvessa
  3272 | D:4      | Killed Duvessa
  3274 | D:4      | Noticed Dowan
  3283 | D:4      | Killed Dowan
  3283 | D:4      | Reached skill level 7 in Maces & Staves
  3612 | D:4      | Killed Blork the orc
  3612 | D:4      | Reached XP level 8. HP: 78/78 MP: 16/16
  3899 | D:4      | Found a stormy altar of Qazlal.
  3902 | D:4      | Found a deep blue altar of Sif Muna.
  3907 | D:4      | Found a bloodstained altar of Trog.
  3909 | D:4      | Found a sparkling altar of Nemelex Xobeh.
  3928 | D:4      | Found a hide-covered altar of Uskayaw.
  3928 | D:4      | Found an ancient bone altar of Kikubaaqudgha.
  3929 | D:4      | Found a glowing golden altar of the Shining One.
  3929 | D:4      | Found an ornate altar of the Wu Jian Council.
  4187 | D:5      | Entered Level 5 of the Dungeon
  4373 | D:5      | Found a sacrificial altar of Ru.
  4407 | D:5      | Found an opulent altar of Gozag.
  4429 | D:5      | Found a shimmering altar of Xom.
  4433 | D:5      | Reached skill level 8 in Maces & Staves
  4646 | D:5      | Reached skill level 9 in Maces & Staves
  4783 | D:5      | Found a shadowy altar of Dithmenos.
  5279 | D:6      | Reached XP level 9. HP: 72/84 MP: 18/18
  5292 | D:6      | Reached skill level 10 in Maces & Staves
  5326 | D:6      | Found a glowing silver altar of Zin.
  5326 | D:6      | Found a snail-covered altar of Cheibriados.
  5512 | D:6      | Found a radiant altar of Vehumet.
  5601 | D:6      | Found a basalt altar of Yredelemnul.
  5660 | D:6      | Found a burning altar of Makhleb.
  5781 | D:7      | Found a sand-covered staircase.
  5788 | Ossuary  | Entered an ossuary
  6117 | D:7      | Reached skill level 11 in Maces & Staves
  6274 | D:7      | Found an iron altar of Okawaru.
  6643 | D:7      | Found a white marble altar of Elyvilon.
  7045 | D:8      | Reached skill level 12 in Maces & Staves
  7055 | D:8      | Reached XP level 10. HP: 62/92 MP: 18/20
  7417 | D:8      | Found a white marble altar of Elyvilon.
  7529 | D:8      | Reached skill level 10 in Throwing
  8224 | D:10     | Entered Level 10 of the Dungeon
  8272 | D:10     | Reached skill level 13 in Maces & Staves
  8505 | D:10     | Noticed Josephine
  8656 | D:10     | Noticed a two-headed ogre
  8664 | D:10     | Killed a two-headed ogre
  9352 | D:10     | Killed Josephine
  9352 | D:10     | Reached skill level 14 in Maces & Staves
  9757 | D:11     | Noticed a death yak
  9759 | D:11     | Noticed a death yak
  9759 | D:11     | Noticed a death yak
  9777 | D:11     | Killed a death yak
  9777 | D:11     | Reached XP level 11. HP: 100/100 MP: 21/21
  9789 | D:11     | Noticed a death yak
  9793 | D:11     | Noticed a death yak
  9793 | D:11     | Killed a death yak
  9820 | D:11     | Killed a death yak
  9830 | D:11     | Killed a death yak
  9830 | D:11     | Reached skill level 15 in Maces & Staves
  9840 | D:11     | Killed a death yak
  9969 | D:11     | Noticed a deep elf mage
  9997 | D:11     | Killed a deep elf mage
 10161 | D:11     | Found a gateway to a bazaar.
 10469 | Bazaar   | Entered a bazaar
 10469 | Bazaar   | Found Onok Omo's Antique Weapon Boutique.
 10469 | Bazaar   | Found Ugefuc's General Store.
 10469 | Bazaar   | Found Jeyn's General Store.
 10469 | Bazaar   | Found Wineh's Weapon Shoppe.
 10497 | Bazaar   | Bought 3 scrolls of enchant armour for 360 gold pieces
 10519 | Bazaar   | Bought 38 large rocks for 45 gold pieces
 10589 | D:12     | Found a frozen archway.
 10596 | D:12     | Noticed a two-headed ogre
 10598 | IceCv    | Entered an ice cave
 10997 | IceCv    | Reached skill level 5 in Fighting
 11232 | IceCv    | Noticed an ice dragon
 11232 | IceCv    | Noticed an ice dragon
 11246 | IceCv    | Killed an ice dragon
 11257 | IceCv    | Killed an ice dragon
 11257 | IceCv    | Reached skill level 5 in Dodging
 11257 | IceCv    | Reached XP level 12. HP: 40/113 MP: 9/26
 11527 | IceCv    | Reached skill level 16 in Maces & Staves
 11642 | D:12     | Killed a two-headed ogre
 11804 | D:12     | Noticed a two-headed ogre
 11823 | D:12     | Killed a two-headed ogre
 12338 | D:12     | Noticed Azrael
 12342 | D:12     | Killed Azrael
 12530 | D:12     | Found a shadowy altar of Dithmenos.
 13302 | D:13     | Annihilated by a titanic slime creature

Skill      XL: |  1  2  3  4  5  6  7  8  9 10 11 12 |
---------------+-------------------------------------+-----
Fighting       | 3 4 5 8 |  8.4
Throwing       | 4 5 6 8 9 11 12 | 12.9
Maces & Staves | 2 3 4 5 7 9 12 14 15 16 | 16.7
Dodging        | 2 3 4 5 6 |  6.6
Stealth        | |  0.7

Action                   |  1- 3 |  4- 6 |  7- 9 | 10-12 || total
-------------------------+-------+-------+-------+-------++-------
Melee: Dagger            |    71 |       |       |       ||    71
       Whip              |    94 |   168 |   170 |    43 ||   475
       Quarterstaff      |       |       |   191 |   436 ||   627
       Giant club        |       |       |       |    12 ||    12
Throw: Tomahawk          |     7 |    38 |    33 |    75 ||   153
       Large rock        |       |     1 |     4 |    38 ||    43
       Poisoned dart     |       |       |    40 |    50 ||    90
Evoke: Wand              |       |       |       |     2 ||     2
       Disc of storms    |       |       |       |     4 ||     4
  Use: Potion            |       |       |     2 |     8 ||    10
       Scroll            |       |       |     1 |     2 ||     3
 Stab: Sleeping          |     5 |     2 |     3 |     1 ||    11
       Invisible         |       |       |     4 |     6 ||    10
Armor: Robe              |    10 |     9 |    27 |    42 ||    88
       Skin              |       |       |       |    26 ||    26
Dodge: Dodged            |   130 |   101 |   166 |   241 ||   638
